 Dungeon Crawl Stone Soup version 0.29-a0-103-g37f86683bf (webtiles) character file.

Game seed: 15640814691522479120

222 cyrus the Chopper (level 5, -2/43 HPs)
             Began as a Palentonga Fighter on Feb 15, 2022.
             Was a Believer of Vehumet.
             Slain by an orc (9 damage)
             ... on level 4 of the Dungeon.
             The game lasted 00:07:14 (2836 turns).

cyrus the Chopper (Palentonga Fighter)              Turns: 2836, Time: 00:07:14

Health: -2/43      AC:  3    Str: 19    XL:     5   Next: 66%
Magic:  5/5        EV:  9    Int:  8    God:    Vehumet [**....]
Gold:   199        SH:  4    Dex: 12    Spells: 2/4 levels left

rFire   . . .      SeeInvis +   a - +0 war axe
rCold   . . .      Faith    .   c - +0 buckler
rNeg    . . .      Spirit   .   (no armour)
rPois   .          Reflect  .   (no helmet)
rElec   .          Harm     .   (no cloak)
rCorr   .          Rampage  .   (no gloves)
Will    .....                   (no barding)
Stlth   ++........              (no amulet)
HPRegen 0.14/turn               k - ring of wizardry
MPRegen 0.09/turn               (no ring)

@: no status effects
A: large, rugged brown scales 3, see invisible, deformed body, roll 1, armoured
tail
a: Rolling Charge, Renounce Religion


You were on level 4 of the Dungeon.
You worshipped Vehumet.
Vehumet was pleased with you.
You visited 1 branch of the dungeon, and saw 4 of its levels.

You collected 199 gold pieces.

Inventory:

Hand Weapons
 a - a +0 war axe (weapon)
Armour
 b - a +0 scale mail
 c - a +0 buckler (worn)
 g - a +0 chain mail
 m - a +0 robe
Jewellery
 k - a ring of wizardry (left hand)
Wands
 n - a wand of flame (29)
Scrolls
 f - 2 scrolls of teleportation {unknown}
 i - a scroll of silence {unknown}
 l - a scroll of vulnerability {unknown}
 p - a scroll of holy word {unknown}
 q - a scroll of immolation {unknown}
Potions
 e - a potion of magic {unknown}
 h - 4 potions of curing {unknown}
 j - 2 potions of degeneration {unknown}
 o - a potion of brilliance {unknown}


   Skills:
 + Level 3.4 Fighting
 + Level 3.5 Axes
 + Level 3.1 Armour
 + Level 0.6 Dodging
 + Level 1.1 Stealth
 + Level 3.1 Shields
 + Level 0.3 Spellcasting
 + Level 0.3 Conjurations
 + Level 0.2 Fire Magic


You had 2 spell levels left.
You knew the following spells:

 Your Spells              Type           Power      Damage    Failure   Level
a - Foxfire               Conj/Fire      0%         2x1d4     19%         1
b - Shock                 Conj/Air       0%         1d3       19%         1

Your spell library contained the following spells:

 Spells                   Type           Power      Damage    Failure   Level


Dungeon Overview and Level Annotations

Branches:
Dungeon (4/15)             Temple (0/1) D:4

Altars:
Vehumet


Innate Abilities, Weirdness & Mutations

You are completely covered in rugged brown scales. (AC +3, +7% HP)
You have supernaturally acute eyesight. (SInv)
Armour fits poorly on your strangely shaped body.
You can roll at nearby foes to attack.
You have a long armoured tail.


Message History

You kill the goblin!
Vehumet accepts your kill.
An orc comes into view. It is wielding a +0 war axe.
The orc priest mumbles some strange prayers to Beogh against you.
Beogh smites you!
Things that are here:
a +0 short sword; a curare-tipped dart; a kobold skeleton
Casting: Shock (safe; 19% risk of failure)
Confirm with . or Enter, or press ? or * to list all spells.
Aiming: Shock (safe; 19% risk of failure)
Press: ? - help, Shift-Dir - straight line, f - orc priest
Aim: an orc priest, wielding a +0 short sword and wearing a +0 ring mail (69% to hit)
You miscast Shock.
You are very lightly contaminated with residual magic.
Nothing appears to happen.
You start removing your armour.
You continue taking off your +0 robe. x2
You block the orc priest's attack.
Keep disrobing? [Y]es or [N]o only, please.
Keep disrobing?
The orc hits you from afar with a +0 trident.
You continue taking off your +0 robe.
The orc hits you but does no damage. x2
The orc priest hits you with a +0 short sword.
You continue taking off your +0 robe.
Magic restored.
The orc barely misses you. The orc misses you.
The orc hits you but does no damage.
The orc priest hits you with a +0 short sword.
Your magical contamination has completely faded away.
You finish taking off your +0 robe.
Unknown command.
The orc barely misses you. You block the orc's attack.
The orc barely misses you.
The orc hits you from afar with a +0 trident.
* * * LOW HITPOINT WARNING * * *
The orc misses you.
The orc hits you from afar with a +0 trident.
* * * LOW HITPOINT WARNING * * *
You block the orc's attack. The orc hits you with a +0 war axe!
You die...

#..... #..... #########
#..<.. #..........#
##..... #...........
....... #.........#
.......######.........#
................##...##
....>..@....<...#.......
..#+###oo.)........# ..
#..oo......### .>.
#......)..).?#....
#.........#.......
#.........##...###
#....######.....# +....#
......# #....# .o.......


You could see an orc priest and 3 orcs.

Vanquished Creatures
  A kobold brigand (D:4)
  A scorpion (D:4)
  4 adders
  A worm (D:2)
  An orc (D:4)
  9 bats
  5 endoplasms
  2 giant cockroaches
  4 goblins
  2 hobgoblins
  4 kobolds
  3 quokkas
  6 ball pythons
  6 frilled lizards
  7 rats
56 creatures vanquished.

Vanquished Creatures (others)
  6 foxfires
6 creatures vanquished.

Grand Total: 62 creatures vanquished

Notes
Turn   | Place    | Note
-------+----------+-------------------------------------------
     0 | D:1      | cyrus the Palentonga Fighter began the quest for the Orb.
     0 | D:1      | Reached XP level 1. HP: 19/19 MP: 1/1
   214 | D:1      | Reached XP level 2. HP: 25/25 MP: 2/2
   824 | D:2      | Reached XP level 3. HP: 28/31 MP: 3/3
   833 | D:2      | Found a faded altar of an unknown god.
   843 | D:2      | Prayed at the altar of an unknown god.
   843 | D:2      | Became a worshipper of Vehumet
   843 | D:2      | Reached * piety under Vehumet
   843 | D:2      | Offered knowledge of Foxfire by Vehumet.
   846 | D:2      | Learned a level 1 spell: Foxfire
  1178 | D:2      | You fall into a shaft and drop 1 floor!
  1502 | D:3      | Reached ** piety under Vehumet
  1503 | D:3      | Reached XP level 4. HP: 37/37 MP: 4/4
  1547 | D:3      | Offered knowledge of Shock by Vehumet.
  1553 | D:3      | Learned a level 1 spell: Shock
  2200 | D:4      | Noticed a scorpion
  2210 | D:4      | Killed a scorpion
  2211 | D:4      | Reached XP level 5. HP: 25/43 MP: 5/5
  2510 | D:4      | Reached skill level 1 in Stealth
  2813 | D:4      | Found a staircase to the Ecumenical Temple.
  2836 | D:4      | Slain by an orc

Illustrated notes

Levels and vault maps discovered:
D:1:      minmay_arrival_doors, layout_basic
D:2:      layout_loops_ring, dreamdust_ecumenical_altar_statues
D:3:      layout_loops_ring, portal_sewer_entry_d
D:4:      layout_gridville, minmay_temple_entry_tees

Skill      XL: |  1  2  3  4  5 |
---------------+----------------+-----
Armour         | 3 |  3.1
Shields        | 3 |  3.1
Axes           | 3 |  3.5
Stealth        | 1 |  1.1
Fighting       | |  3.4
Dodging        | |  0.6
Spellcasting   | |  0.3
Conjurations   | |  0.3
Fire Magic     | |  0.2

Action                   |  1- 3 |  4- 6 || total
-------------------------+-------+-------++-------
Melee: War axe           |    91 |    39 ||   130
       Tailslap          |    12 |     1 ||    13
 Cast: Foxfire           |     8 |     1 ||     9
       Shock             |       |     1 ||     1
 Abil: Rolling Charge    |     4 |       ||     4
  Use: Potion            |       |     2 ||     2
 Stab: Sleeping          |     2 |     1 ||     3
Armor: Scale mail        |    24 |       ||    24
       Chain mail        |    23 |       ||    23
       Robe              |     9 |    24 ||    33
Dodge: Dodged            |    37 |    21 ||    58
Block: Buckler           |    26 |     7 ||    33

Table legend: (Time is in decaauts)
 A = Elapsed time spent in this place.
 B = Non-inter-level travel time spent in this place.
 C = Inter-level travel time spent in this place.
 D = Time resting spent in this place.
 E = Time spent auto-exploring this place.
 F = Levels seen in this place.
 G = Mean time per level.
                   A        B        C        D        E       F      G
               +--------+--------+--------+--------+--------+-----+--------+
         Total |   2902 |   2861 |     41 |    556 |   1615 |   4 |  725.5 |
       Dungeon |   2902 |   2861 |     41 |    556 |   1615 |   4 |  725.5 |
               +--------+--------+--------+--------+--------+-----+--------+

Top non-repeatable levels by time:
     D:3: 1051 daAuts
     D:1: 815 daAuts
     D:4: 646 daAuts
     D:2: 389 daAuts
